 Dungeon Crawl Stone Soup version 0.28.0-53-g5a82cb258f (webtiles) character file.

Game seed: 6215032887227548580

170 Labrat the Conjurer (level 5, -8/38 HPs)
             Began as a Demigod Conjurer on July 17, 2022.
             Killed by divine providence
             ... invoked by an orc priest
              (12 damage)
             ... on level 5 of the Dungeon.
             The game lasted 00:06:52 (3230 turns).

Labrat the Conjurer (Demigod Conjurer)              Turns: 3230, Time: 00:06:53

Health: -8/38      AC:  2    Str:  8    XL:     5   Next: 5%
Magic:  9/13       EV: 12    Int: 24    God:
Gold:   144        SH:  5    Dex: 12    Spells: 7/10 levels left

rFire   . . .      SeeInvis .   (no weapon)
rCold   . . .      Faith    .   (no shield)
rNeg    . . .      Spirit   .   a - +0 robe
rPois   .          Reflect  +   (no helmet)
rElec   .          Harm     .   (no cloak)
rCorr   .          Rampage  .   (no gloves)
Will    .....                   (no boots)
Stlth   ++........              m - amulet of reflection
HPRegen 0.12/turn               (no ring)
MPRegen 0.13/turn               (no ring)

@: no status effects
A: high MP 1, forlorn, divine attributes
a: no special abilities


You were on level 5 of the Dungeon.
You visited 1 branch of the dungeon, and saw 5 of its levels.

You collected 144 gold pieces.

Inventory:

Armour
 a - a +0 robe (worn)
Jewellery
 k - a ring of fire
 m - an amulet of reflection (around neck)
Scrolls
 e - a scroll of blinking {unknown}
 f - 2 scrolls of enchant armour {unknown}
 i - 5 scrolls of identify {unknown}
 j - a scroll of acquirement {unknown}
 n - a scroll of teleportation {unknown}
Potions
 b - 2 potions of curing {unknown}
 c - a potion of brilliance {unknown}
 d - a potion of might {unknown}
 g - a potion of attraction {unknown}
 h - a potion of invisibility {unknown}
 l - a potion of resistance {unknown}


   Skills:
 - Level 1.7 Dodging
 - Level 1.7 Stealth
 + Level 3.4 Spellcasting
 - Level 5.0 Conjurations


You had 7 spell levels left.
You knew the following spells:

 Your Spells              Type           Power      Damage    Failure   Level
a - Magic Dart            Conj           100%       1d8       1%          1
b - Searing Ray           Conj           56%        2d6       1%          2

Your spell library contained the following spells:

 Spells                   Type           Power      Damage    Failure   Level
 Dazzling Flash           Conj/Hex       32%        N/A       11%         3
 Fulminant Prism          Conj/Hex       8%         3d7       36%         4
 Iskenderun's Mystic Bla  Conj/Tloc      16%        2d5       36%         4


Dungeon Overview and Level Annotations

Branches:
Dungeon (6/15)
 Temple: D:4-7

Shops:
D:2 (

Annotations:
D:6 exclusion: water moccasin


Innate Abilities, Weirdness & Mutations

You have an increased reservoir of magic. (+10% MP)
You shall have no god before yourself.
Your divine heritage dramatically boosts your attributes as you level up.


Message History

Found a stone staircase leading up.
There is a stone staircase leading up here.
You climb upwards.
The orc priest shouts!
The orc shouts! x2
Found 3 boomerangs, 29 stones and a war axe.
There is a stone staircase leading down here.
Unknown command.
Found a scroll labelled KEPU OKODE.
The orc priest calls down the wrath of Beogh upon you.
Beogh smites you!
Casting: Searing Ray (safe; 1% risk of failure)
Confirm with . or Enter, or press ? or * to list all spells.
Aiming: Searing Ray (safe; 1% risk of failure)
Press: ? - help, Shift-Dir - straight line, f - orc priest
Aim: an orc priest, wielding a +0 dagger (79% to hit)
The searing ray hits the orc.
The orc is moderately wounded.
The searing ray misses the orc priest.
The searing ray hits the orc.
The orc is almost dead. (Press . to maintain the ray.) Unknown command.
The orc priest calls down the wrath of Beogh upon you.
Beogh smites you!
* * * LOW HITPOINT WARNING * * *
The orc hits you with a +0 falchion.
* * * LOW HITPOINT WARNING * * *
Unknown command.
Casting: Searing Ray (safe; 1% risk of failure)
Confirm with . or Enter, or press ? or * to list all spells.
Aiming: Searing Ray (safe; 1% risk of failure)
Press: ? - help, Shift-Dir - straight line, f/p - orc priest
Aim: an orc priest, wielding a +0 dagger (79% to hit)
The searing ray hits the orc.
You kill the orc!
The searing ray hits the orc priest!
The orc priest is severely wounded. (Press . to maintain the ray.)
The orc priest mumbles some strange prayers to Beogh against you.
Beogh smites you!
You die...

# .# ##..#
###...?# ###)@.#
########o..##...#
........o##...###
....(..>....###
............#
......(.###....
.Z......# #....
.....#### #...
.).## ...


You could see an orc priest and an orc.

Vanquished Creatures
  Terence (D:3)
  Ijyb (D:3)
  4 adders
  2 dart slugs (D:2)
  5 orcs
  6 bats
  8 endoplasms
  9 giant cockroaches
  5 goblins
  5 hobgoblins
  4 jackals (D:1)
  2 quokkas
  5 ball pythons (D:1)
  A frilled lizard (D:2)
  2 kobolds
  10 rats
70 creatures vanquished.

Notes
Turn   | Place    | Note
-------+----------+-------------------------------------------
     0 | D:1      | Labrat the Demigod Conjurer began the quest for the Orb.
     0 | D:1      | Reached XP level 1. HP: 14/14 MP: 5/5
   236 | D:1      | Reached XP level 2. HP: 20/20 MP: 4/7
   383 | D:1      | Reached skill level 4 in Conjurations
   403 | D:1      | Learned a level 2 spell: Searing Ray
   861 | D:1      | Reached XP level 3. HP: 26/26 MP: 3/9
  1752 | D:2      | Reached XP level 4. HP: 33/33 MP: 8/11
  1808 | D:2      | Found Rododa's Antique Weapon Boutique.
  2233 | D:3      | Noticed Ijyb
  2236 | D:3      | Paralysed by Ijyb for 6 turns
  2247 | D:3      | HP: 1/33 [Ijyb/+0 club (6)]
  2296 | D:3      | Killed Ijyb
  2791 | D:3      | Noticed Terence
  2797 | D:3      | Killed Terence
  2886 | D:3      | Reached XP level 5. HP: 38/38 MP: 6/13
  2938 | D:3      | You fall into a shaft and drop 3 floors!
  2956 | D:6      | Reached skill level 5 in Conjurations
  3062 | D:6      | Noticed a water moccasin
  3204 | D:6      | Noticed a sky beast
  3224 | D:5      | Entered Level 5 of the Dungeon
  3230 | D:5      | Killed from afar by an orc priest

Illustrated notes

Levels and vault maps discovered:
D:1:      onia_arrival_handbag, layout_basic, grunt_decor_clamped
D:2:      layout_rooms, serial_shops, nicolae_shop_advertising_works
          [nicolae_subvault_shop_adworks]
D:3:      layout_loops_ring, nemelex_spade_bored_becter,
          shapermc_ecumenical_altar_starsandcircs, uniq_terence, uniq_ijyb
D:5:      layout_rooms
D:6:      layout_rooms, minmay_temple_entry_enclosed_plants, grunt_ministairs_9

Skill      XL: |  1  2  3  4  5 |
---------------+----------------+-----
Spellcasting   | 2 3 |  3.4
Conjurations   | 4 5 |  5.0
Dodging        | |  1.7
Stealth        | |  1.7

Action                   |  1- 3 |  4- 6 || total
-------------------------+-------+-------++-------
Melee: Unarmed           |    14 |       ||    14
 Cast: Magic Dart        |    92 |    22 ||   114
       Searing Ray       |     7 |    11 ||    18
Armor: Robe              |     9 |     1 ||    10
Dodge: Dodged            |    21 |     4 ||    25
